 Dungeon Crawl Stone Soup version 0.29-a0-1027-gcd8c55af63 (webtiles) character file.

Game seed: 6728369640115133076

520 siradein the Poker (level 7, 0/84 HPs)
             Began as a Merfolk Berserker on Aug 12, 2022.
             Was a Believer of Trog.
             Slain by an orc warrior
             ... wielding a +0 hand axe
              (9 damage)
             ... on level 5 of the Dungeon.
             The game lasted 00:11:06 (4806 turns).

siradein the Poker (Merfolk Berserker)              Turns: 4806, Time: 00:11:07

Health: 0/84       AC:  6    Str: 19    XL:     7   Next: 21%
Magic:  7/7        EV: 13    Int:  6    God:    Trog [**....]
Gold:   196        SH:  0    Dex: 14    Spells: 6/6 levels left

rFire   . . .      SeeInvis .   q - +0 halberd
rCold   . . .      Faith    .   (shield currently unavailable)
rNeg    . . .      Spirit   .   m - +0 ring mail
rPois   .          Reflect  .   k - +0 helmet
rElec   .          Harm     .   (no cloak)
rCorr   .          Rampage  .   (no gloves)
Will    .....                   (no boots)
Stlth   ..........              p - amulet of the acrobat
HPRegen 0.24/turn               (no ring)
MPRegen 0.10/turn               (no ring)

@: berserking, very quick
A: (nimble swimmer 2), mertail
a: Renounce Religion, Berserk, Trog's Hand


You were on level 5 of the Dungeon.
You worshipped Trog.
Trog was pleased with you.
You visited 1 branch of the dungeon, and saw 5 of its levels.

You collected 196 gold pieces.

Inventory:

Hand Weapons
 q - a +0 halberd (weapon)
Missiles
 i - 7 boomerangs (quivered)
Armour
 k - a +0 helmet (worn)
 m - a +0 ring mail (worn)
Jewellery
 p - an amulet of the acrobat (around neck)
Scrolls
 b - 4 scrolls of noise {unknown}
 c - a scroll of enchant weapon {unknown}
 d - a scroll of blinking
 g - 2 scrolls of butterflies {unknown}
 h - 2 scrolls of immolation
 n - a scroll of amnesia {unknown}
Potions
 a - a potion of degeneration {unknown}
 e - a potion of mutation
 f - a potion of haste {unknown}
 j - a potion of cancellation {unknown}
 l - 2 potions of berserk rage {unknown}
 o - a potion of resistance {unknown}
 r - a potion of might {unknown}
 s - a potion of flight {unknown}


   Skills:
 + Level 5.2 Fighting
 + Level 6.2 Polearms
 + Level 3.1 Armour
 + Level 5.4 Dodging


You had 6 spell levels left.
You didn't know any spells.
Your spell library was empty.

Dungeon Overview and Level Annotations

Branches:
Dungeon (5/15)
 Temple: D:4-7

Altars:
Hepliaklqana
Sif Muna

Annotations:
D:3 3 runed translucent doors, bchevrier's ghost, amateur GnWn


Innate Abilities, Weirdness & Mutations

((You are very nimble when in or above water. (Stealth+, EV+, Speed+++)))
Your lower body shifts to a powerful aquatic tail in water.


Message History

The orc warrior is almost dead.
The orc warrior hits you with a +0 hand axe!
You hit the orc warrior but do no damage.
The orc warrior is almost dead.
The orc warrior hits you with a +0 hand axe!
You are too injured to fight recklessly!
Reach: q) +0 halberd
Press: ? - help, Dir - move target, f/p - orc warrior
Aim: an orc warrior, wielding a +0 hand axe and wearing a +0 plate armour (almost dead, about 43% to evade your +0 halberd)
You barely miss the orc warrior.
The orc warrior is almost dead.
The orc warrior closely misses you. The orc warrior barely misses you.
Reach: q) +0 halberd
Press: ? - help, Dir - move target, f/p - orc warrior
Aim: an orc warrior, wielding a +0 hand axe and wearing a +0 plate armour (almost dead, about 43% to evade your +0 halberd)
You closely miss the orc warrior.
The orc warrior is almost dead.
The orc warrior misses you.
The orc warrior attacks as you move away!
The orc warrior closely misses you.
Reach: q) +0 halberd
Press: ? - help, Dir - move target, f/p - orc warrior
Aim: an orc warrior, wielding a +0 hand axe and wearing a +0 plate armour (almost dead, about 43% to evade your +0 halberd)
You hit the orc warrior.
The orc warrior is almost dead.
The orc warrior hits you with a +0 hand axe.
Reach: q) +0 halberd
Press: ? - help, Dir - move target, f/p - orc warrior
Aim: an orc warrior, wielding a +0 hand axe and wearing a +0 plate armour (almost dead, about 43% to evade your +0 halberd)
You closely miss the orc warrior.
The orc warrior is almost dead.
The orc warrior hits you with a +0 hand axe!
* * * LOW HITPOINT WARNING * * *
A red film seems to cover your vision as you go berserk!
You feel yourself moving faster!
You feel mighty! The orc warrior barely misses you.
You closely miss the orc warrior.
The orc warrior is almost dead.
The orc warrior hits you with a +0 hand axe!
You die...

#.#.# ###.(.#
#.#.# #.##)##
#.#.# #.##).#
#.#.#####.###.#
#.#.......# #.#
#........####.#
#..#####.......
..##########.#
#.######
#......o@...>#
#.#
..##########.#
#.# #.#####.#
#.......#
#########


You could see an orc warrior.

Vanquished Creatures
  An ogre (D:5)
  2 scorpions (D:4)
  A jelly (D:4)
  2 orc priests (D:4)
  A hound (D:5)
  4 adders
  4 gnolls
  5 worms
  A dart slug (D:4)
  3 orcs
  7 bats
  7 endoplasms
  5 giant cockroaches
  17 goblins
  10 hobgoblins
  3 jackals (D:4)
  3 quokkas
  3 ball pythons
  8 kobolds
  9 rats
96 creatures vanquished.

Notes
Turn   | Place    | Note
-------+----------+-------------------------------------------
     0 | D:1      | siradein the Merfolk Berserker began the quest for the Orb.
     0 | D:1      | Reached XP level 1. HP: 18/18 MP: 1/1
   106 | D:1      | Reached XP level 2. HP: 11/24 MP: 2/2
   905 | D:1      | Reached XP level 3. HP: 29/29 MP: 3/3
  1242 | D:1      | Reached ** piety under Trog
  1611 | D:2      | Found a faded altar of an unknown god.
  1839 | D:2      | Reached XP level 4. HP: 28/37 MP: 4/4
  2791 | D:3      | Found a runed translucent gate.
  2810 | D:3      | Found a runed translucent gate.
  2810 | D:3      | Noticed bchevrier's ghost (amateur GnWn)
  2811 | D:3      | Found a runed translucent gate.
  2812 | D:3      | Noticed a kobold brigand
  3024 | D:4      | Reached skill level 5 in Polearms
  3031 | D:4      | Reached XP level 5. HP: 34/42 MP: 5/5
  3861 | D:4      | Reached XP level 6. HP: 47/49 MP: 6/6
  4301 | D:4      | Reached skill level 5 in Dodging
  4315 | D:4      | Found a hazy altar of Hepliaklqana.
  4315 | D:4      | Found a shimmering blue altar of Sif Muna.
  4345 | D:5      | Entered Level 5 of the Dungeon
  4382 | D:5      | Reached skill level 5 in Fighting
  4382 | D:5      | Reached skill level 6 in Polearms
  4612 | D:5      | Reached XP level 7. HP: 45/56 MP: 7/7
  4615 | D:5      | Reached *** piety under Trog
  4806 | D:5      | Slain by an orc warrior

Illustrated notes

Levels and vault maps discovered:
D:1:      dpeg_arrival_erosion, layout_loops_corners, minmay_pentomino_t4
D:2:      layout_rooms, basic_ecumenical_altar, minmay_small_reverse_x
D:3:      layout_basic, gammafunk_ghost_nasty_kobolds,
          chequers_serial_rivers_small_3, minmay_misc_feat_iff,
          nicolae_concentric_dashed_squares_mild
D:4:      layout_loops_ring, gammafunk_temple_overflow_elements,
          minmay_misc_feat_nine_boxes
D:5:      layout_loops_ring, minmay_ogre_servants

Skill      XL: |  1  2  3  4  5  6 |
---------------+-------------------+-----
Dodging        | 3 4 5 |  5.4
Armour         | 2 3 |  3.1
Fighting       | 4 5 |  5.2
Polearms       | 5 6 |  6.2

Action                   |  1- 3 |  4- 6 |  7- 9 || total
-------------------------+-------+-------+-------++-------
Melee: Spear             |   134 |   105 |       ||   239
       Punch             |       |     2 |       ||     2
       Halberd           |       |   112 |    23 ||   135
Invok: Berserk           |     1 |     3 |     1 ||     5
  Use: Scroll            |       |     5 |       ||     5
 Stab: Sleeping          |     4 |       |       ||     4
Armor: Animal skin       |     7 |       |       ||     7
       Ring mail         |     8 |    46 |    10 ||    64
Dodge: Dodged            |    53 |    97 |    19 ||   169

Table legend: (Time is in decaauts)
 A = Elapsed time spent in this place.
 B = Non-inter-level travel time spent in this place.
 C = Inter-level travel time spent in this place.
 D = Time resting spent in this place.
 E = Time spent auto-exploring this place.
 F = Levels seen in this place.
 G = Mean time per level.
                   A        B        C        D        E       F      G
               +--------+--------+--------+--------+--------+-----+--------+
         Total |   4833 |   4692 |    141 |     81 |   3915 |   5 |  966.6 |
       Dungeon |   4833 |   4692 |    141 |     81 |   3915 |   5 |  966.6 |
               +--------+--------+--------+--------+--------+-----+--------+

Top non-repeatable levels by time:
     D:4: 1452 daAuts
     D:1: 1290 daAuts
     D:3: 923 daAuts
     D:2: 685 daAuts
     D:5: 481 daAuts
